 Dungeon Crawl Stone Soup version 0.30-a0-6-g7c9e10e132 (webtiles) character file.

Game seed: 11100079151878553477

940 Setbun the Magician (level 8, -2/51 HPs)
             Began as a Djinni Fire Elementalist on Aug 22, 2022.
             Slain by a centaur skeleton (4 damage)
             ... on level 5 of the Dungeon.
             The game lasted 00:13:33 (7619 turns).

Setbun the Magician (Djinni Fire Elementalist)      Turns: 7619, Time: 00:13:33

Health: -2/51      AC:  2    Str:  7    XL:     8   Next: 34%
Gold:   254        EV: 13    Int: 20    God:
                   SH:  0    Dex: 13

rFire   + + .      SeeInvis .    (no weapon)
rCold   x . .      Faith    .    (no shield)
rNeg    . . .      Spirit   .    a - +0 robe
rPois   ∞          Reflect  .    (no helmet)
rElec   .          Harm     .    (no cloak)
rCorr   .          Rampage  .    (no gloves)
Will    .....                    (boots unavailable)
Stlth   ++........               (no amulet)
HPRegen 0.17/turn                d - ring of wizardry
MPRegen 0.00/turn                (no ring)

@: flying
A: sickness immunity, fire resistance 2, cold vulnerability 1, float, innate
caster, HP casting, extra vitality 1
a: no special abilities


You were on level 5 of the Dungeon.
You visited 1 branch of the dungeon, and saw 5 of its levels.

You collected 254 gold pieces.

Inventory:

Missiles
 l - a throwing net
Armour
 a - a +0 robe (worn)
Jewellery
 d - a ring of wizardry (left hand)
 j - an amulet of faith
Wands
 o - a wand of digging (5)
Scrolls
 f - 3 scrolls of magic mapping {unknown}
 i - 3 scrolls of teleportation {unknown}
 m - 3 scrolls of identify {unknown}
 q - 2 scrolls of amnesia {unknown}
 r - a scroll of vulnerability {unknown}
Potions
 b - a potion of curing
 n - a potion of berserk rage {unknown}
 p - a potion of degeneration {unknown}
 s - a potion of magic {unknown}


   Skills:
 + Level 0.6 Fighting
 + Level 3.3 Dodging
 + Level 2.2 Stealth
 + Level 0.8 Unarmed Combat
 * Level 6.9 Spellcasting


You had 2 spell levels left.
You knew the following spells:

 Your Spells              Type           Power      Damage    Failure   Level
a - Foxfire               Conj/Fire      100%       2x1d9     1%          1
b - Scorch                Fire           68%        2d8       1%          2
c - Conjure Flame         Conj/Fire      34%        6-21      1%          3
d - Inner Flame           Hex/Fire       34%        N/A       1%          3
e - Flame Wave            Conj/Fire      34%        2d10      2%          4
f - Apportation           Tloc           68%        N/A       1%          1
g - Static Discharge      Conj/Air       34%        3-8/arc   1%          2
h - Passwall              Tmut/Erth      28%        N/A       1%          2
Your spell library was empty.

Dungeon Overview and Level Annotations

Branches:
Dungeon (5/15)
 Temple: D:4-7

Altars:

Shops:
D:1 [   D:3 *

Annotations:
D:5 nickcage's ghost, amateur MiGl


Innate Abilities, Weirdness & Mutations

You are immune to sickness and miasma.
You are immune to poison.
Your flesh is very heat resistant. (rF++)
You are vulnerable to cold. (rC-)
You float through the air rather than walking.
You learn spells naturally, not from books.
Your magical power is your life essence.
You have superior vitality. (+4 MHP)


Message History

The centaur skeleton barely misses you.
The centaur skeleton completely misses you.
Nickcage's ghost barely misses you.
It was a potion of brilliance.
You feel clever all of a sudden. The centaur skeleton barely misses you.
The centaur skeleton kicks you.
* * * LOW HITPOINT WARNING * * *
Nickcage's ghost hits you.
* * * LOW HITPOINT WARNING * * *
You feel better.
The centaur skeleton closely misses you.
The centaur skeleton kicks you.
* * * LOW HITPOINT WARNING * * *
Nickcage's ghost misses you.
It was a potion of attraction.
You feel attractive to monsters. The centaur skeleton barely misses you.
The centaur skeleton closely misses you.
It was a potion of cancellation.
Your magical effects are unravelling.
You feel magically purged.
You feel yourself slow down.
You feel a little less clever now. Nickcage's ghost hits you!
* * * LOW HITPOINT WARNING * * *
The centaur skeleton closely misses you.
The centaur skeleton completely misses you.
You feel less attractive to monsters.
You feel better.
The centaur skeleton closely misses you.
The centaur skeleton kicks you.
* * * LOW HITPOINT WARNING * * *
Nickcage's ghost hits you!
* * * LOW HITPOINT WARNING * * *
Casting: Foxfire (safe; 1% risk of failure)
Confirm with . or Enter, or press ? or * to list all spells.
Okay, then.
It was a potion of flight.
You feel more buoyant. The centaur skeleton hits you.
You die...

#.##...................#
#.#
#.##.###########.#######
#.# #.##.# #.# #.#
#.##.# #.# #.# ..##.#
#.# #.# ####.# #.# #.#
.....# #.# #.# ######
#.# #.# ##@# #.# ###ZW##
#.# #.....# #.# #.....#
#.# ###'''### #.#
#.......# #.# ##$....##
#.# #########.......#
#.# #.......##.$)..##
#.#


You could see nickcage's ghost and a centaur skeleton.

Vanquished Creatures
  Sigmund (D:3)
  An ice beast (D:5)
  An ogre (D:4)
  A howler monkey (D:5)
  A jelly (D:5)
  3 orc priests
  4 hounds
  An iguana (D:5)
  3 orc wizards
  Robin (D:3)
  A gnoll (D:1)
  8 adders
  A howler monkey skeleton (D:5)
  3 worms
  3 dart slugs
  10 orcs
  4 bats
  6 endoplasms
  6 giant cockroaches
  13 goblins
  8 hobgoblins
  12 jackals
  2 quokkas
  5 ball pythons
  5 frilled lizards
  5 kobolds
  5 rats
114 creatures vanquished.

Vanquished Creatures (collateral kills)
  A foxfire (D:1)
1 creature vanquished.

Vanquished Creatures (others)
  448 foxfires
448 creatures vanquished.

Grand Total: 563 creatures vanquished

Notes
Turn   | Place    | Note
-------+----------+-------------------------------------------
     0 | D:1      | Setbun the Djinni Fire Elementalist began the quest for the
                  | Orb.
     0 | D:1      | Setbun set off with the following spells memorised:
                  | Foxfire, Scorch, Conjure Flame, Inner Flame, Flame Wave.
     0 | D:1      | Reached XP level 1. HP: 15/15 MP: 0/0
   205 | D:1      | Found Qeosada's Antique Armour Boutique.
   271 | D:1      | Reached XP level 2. HP: 16/21 MP: 0/0
   542 | D:1      | Found a faded altar of an unknown god.
   558 | D:1      | Reached skill level 3 in Spellcasting
   795 | D:1      | Reached XP level 3. HP: 21/25 MP: 0/0
   795 | D:1      | Learned a level 1 spell: Apportation
  2114 | D:2      | Reached XP level 4. HP: 24/31 MP: 0/0
  2984 | D:3      | Reached XP level 5. HP: 33/35 MP: 0/0
  2984 | D:3      | Learned a level 2 spell: Static Discharge
  3158 | D:3      | Found Ijirietuo's Assorted Antiques.
  3168 | D:3      | Reached skill level 4 in Spellcasting
  3295 | D:3      | Noticed Sigmund
  3307 | D:3      | Killed Sigmund
  3308 | D:3      | Reached XP level 6. HP: 17/40 MP: 0/0
  3325 | D:3      | Reached skill level 5 in Spellcasting
  3325 | D:3      | Noticed Robin
  3331 | D:3      | Killed Robin
  3975 | D:3      | You are sucked into a shaft and drop 2 floors!
  3975 | D:5      | Entered Level 5 of the Dungeon
  4060 | D:5      | Reached XP level 7. HP: 42/45 MP: 0/0
  4060 | D:5      | Learned a level 2 spell: Passwall
  4457 | D:5      | Identified the +6 dagger of Hubris {vorpal, Dex+6}
  4566 | D:5      | Found a runed translucent gate.
  4566 | D:5      | Found a runed translucent gate.
  4566 | D:5      | Found a runed translucent gate.
  4571 | D:5      | Noticed nickcage's ghost (amateur MiGl)
  4929 | D:4      | Reached skill level 6 in Spellcasting
  5493 | D:4      | Reached XP level 8. HP: 46/51 MP: 0/0
  7611 | D:5      | HP: 1/51 [nickcage's ghost (13)]
  7617 | D:5      | HP: 2/51 [nickcage's ghost (9)]
  7619 | D:5      | Slain by a centaur skeleton

Illustrated notes

Levels and vault maps discovered:
D:1:      giann_bridges, layout_basic, serial_shops, nicolae_shop_waterfront,
          ebering_ecumenical_altar_petrified
D:2:      layout_basic, minmay_misc_feat_square, kennysheep_potato
D:3:      layout_basic, serial_shops, shop_fountains,
          minmay_fractal_squares_gapless_5, uniq_robin, uniq_sigmund
D:4:      layout_loops_ring
D:5:      layout_basic, gammafunk_ghost_necromancy

Skill      XL: |  1  2  3  4  5  6  7 |
---------------+----------------------+-----
Spellcasting   | 3 4 5 6 |  6.9
Dodging        | 3 |  3.3
Stealth        | 2 |  2.2
Fighting       | |  0.6
Unarmed Combat | |  0.8

Action                   |  1- 3 |  4- 6 |  7- 9 || total
-------------------------+-------+-------+-------++-------
Melee: Unarmed           |    13 |     1 |    30 ||    44
 Cast: Foxfire           |    75 |   102 |   121 ||   298
       Scorch            |       |       |     1 ||     1
  Use: Potion            |       |       |     8 ||     8
Armor: Robe              |     6 |     7 |     8 ||    21
Dodge: Dodged            |    21 |    16 |    55 ||    92

Table legend: (Time is in decaauts)
 A = Elapsed time spent in this place.
 B = Non-inter-level travel time spent in this place.
 C = Inter-level travel time spent in this place.
 D = Time resting spent in this place.
 E = Time spent auto-exploring this place.
 F = Levels seen in this place.
 G = Mean time per level.
                   A        B        C        D        E       F      G
               +--------+--------+--------+--------+--------+-----+--------+
         Total |   7619 |   7280 |    339 |   1213 |   5344 |   5 | 1523.8 |
       Dungeon |   7619 |   7280 |    339 |   1213 |   5344 |   5 | 1523.8 |
               +--------+--------+--------+--------+--------+-----+--------+

Top non-repeatable levels by time:
     D:5: 2025 daAuts
     D:1: 1949 daAuts
     D:3: 1682 daAuts
     D:4: 1141 daAuts
     D:2: 820 daAuts
